 Dungeon Crawl Stone Soup version 0.31-a0-233-g139696dc86 (webtiles) character file.

Game seed: 11935489806658883629

192 Tocho the Chopper (level 5, -1/1 (50) HPs)
             Began as an Ogre Reaver on July 9, 2023.
             Slain by Robin
             ... wielding a +0 club
              (2 damage)
             ... on level 4 of the Dungeon.
             The game lasted 00:07:15 (3003 turns).

Tocho the Chopper (Ogre Reaver)                     Turns: 3003, Time: 00:07:16

HP:   -1/1 (50)     AC:  4    Str: 18    XL:     5   Next: 71%
MP:   7/8           EV:  9    Int: 14    God:
Gold: 142           SH:  0    Dex:  3    Spells: 7/8 levels left

rFire   . . .        a - +1 hand axe
rCold   . . .        (no shield)
rNeg    . . .        b - +0 robe
rPois   .            (helmet restricted)
rElec   .            c - +0 cloak
rCorr   .            (gloves unavailable)
SInv    .            (boots unavailable)
Will    .....        (no amulet)
Stlth   ++           (no ring)
HPRegen 0.20/turn    (no ring)
MPRegen 0.11/turn

%: no passive effects
@: extremely drained
A: large, unfitting armour, tough skin 1, camouflage 1, clumsy 2, inability to
read after injury 1
a: no special abilities


You were on level 4 of the Dungeon.
You visited 1 branch of the dungeon, and saw 4 of its levels.

You collected 142 gold pieces.

Inventory:

Hand Weapons
 a - a +1 hand axe (weapon)
 d - a +1 dagger of holy wrath
Missiles
 g - 69 stones
 i - 2 boomerangs
 l - 4 large rocks
Armour
 b - a +0 robe (worn)
 c - a +0 cloak (worn)
Jewellery
 f - a ring of ice
 h - a ring of ice
 j - a +4 ring of protection
Wands
 q - a wand of polymorph (8)
Scrolls
 e - a scroll of vulnerability
 k - a scroll of teleportation
 o - a scroll of fear
 p - a scroll of amnesia
Potions
 n - 2 potions of curing


   Skills:
 - Level 2.6 Fighting
 + Level 6.2 Axes
 - Level 1.7 Dodging
 - Level 2.4 Spellcasting
 - Level 2.6 Conjurations


You had 7 spell levels left.
You knew the following spells:

 Your Spells              Type           Power      Damage    Failure   Level
a - Kiss of Death         Conj/Necr      20%        2d7       13%         1

Your spell library contained the following spells:

 Spells                   Type           Power      Damage    Failure   Level
 Momentum Strike          Conj/Tloc      10%        3d8       21%         2
 Hailstorm                Conj/Ice       5%         3d4       36%         3


Dungeon Overview and Level Annotations

Branches:
Dungeon (4/15)
 Temple: D:4-7

Altars:
Cheibriados
Elyvilon

Annotations:
D:4 Robin


Innate Abilities, Weirdness & Mutations

You are too large for most types of armour.
You have tough skin. (AC +1)
Your skin changes colour to match your surroundings (Stealth+).
You are very clumsy. (Dex -4)
You occasionally lose the ability to read scrolls when taking damage.


Message History

q - a wand of polymorph (8)
You see here the felid corpse of Natasha.
Done exploring.
Done exploring.
There is a stone staircase leading down here.
You climb downwards.
There is a stone staircase leading up here.
g - 69 stones (gained 9)
Found a stone staircase leading up.
An orc comes into view.
It is wielding a +1 flail of holy wrath. 2 orcs come into view.
The orc shouts!
You hear a shout!
The orc moves out of view.
An orc comes into view. It is wielding a +0 dagger.
There is a stone staircase leading up here.
You climb upwards.
There is a stone staircase leading down here.
There is a stone staircase leading down here.
As you read the scroll of identify, it crumbles to dust.
o - a scroll of fear
As you read the scroll of identify, it crumbles to dust.
p - a scroll of amnesia You climb downwards.
There is a stone staircase leading up here.
No target in view!
Robin of the Strong Arm comes into view.
They are wielding a +0 club.
Robin roars a battlecry!
You hear a shout! x2
Robin roars a battlecry!
A goblin comes into view. It is wielding a +0 club.
A hobgoblin comes into view.
Aiming: Kiss of Death (safe; 13% risk of failure)
Press: ? - help, Q - select action, (/) - cycle Shift-Dir - straight line, f - Robin
Aim: Robin, wielding a +0 club, wearing a +0 animal skin and wearing a +0 helmet (100% to hit)
The negative energy hits Robin!
Robin is drained!
Robin is severely wounded.
You feel drained. Robin hits you with a +0 club.
Ouch! That really hurt!
You die...

### ..## ##...
##... ## #... ..#
#..# ... #@# ..
###g#.## ##...g..#
###...#.......o
#....##.#.......#
##......#....g..##
#.<.............o
###........#....
#..#.##..#..#


You could see Robin (very drained) and a goblin (strong).

Vanquished Creatures
  Jessica (D:3)
  Natasha (thrice) (D:3)
  3 adders
  A worm (D:2)
  3 dart slugs
  An orc (D:3)
  3 endoplasms
  4 goblins
  6 hobgoblins
  4 jackals (D:3)
  6 kobolds
  3 quokkas (D:1)
  10 ball pythons
  5 bats
  2 frilled lizards
  3 rats
58 creatures vanquished.

Notes
Turn   | Place    | Note
-------+----------+-------------------------------------------
     0 | D:1      | Tocho the Ogre Reaver began the quest for the Orb.
     0 | D:1      | Reached XP level 1. HP: 22/22 MP: 3/3
   201 | D:1      | Reached XP level 2. HP: 20/29 MP: 5/5
   401 | D:1      | Reached skill level 4 in Axes
   448 | D:1      | Reached XP level 3. HP: 35/36 MP: 6/6
  1154 | D:2      | Gained mutation: You are clumsy. (Dex -2) [potion of
                  | mutation]
  1154 | D:2      | Gained mutation: You have hidden genetic defects. [potion
                  | of mutation]
  1154 | D:2      | Gained mutation: Your skin changes colour to match your
                  | surroundings (Stealth+). [potion of mutation]
  1165 | D:2      | Gained mutation: You are very clumsy. (Dex -4) [hidden
                  | defects]
  1534 | D:2      | Gained mutation: You occasionally lose the ability to read
                  | scrolls when taking damage. [hidden defects]
  1534 | D:2      | Lost mutation: You have hidden genetic defects. [hidden
                  | defects expressed]
  1697 | D:2      | Reached XP level 4. HP: 29/35 MP: 7/7
  2005 | D:3      | Noticed Natasha
  2032 | D:3      | Killed Natasha
  2033 | D:3      | Reached skill level 5 in Axes
  2048 | D:3      | HP: 1/33 [poisoned by an adder]
  2189 | D:3      | Noticed Jessica
  2191 | D:3      | Killed Jessica
  2192 | D:3      | Reached XP level 5. HP: 31/35 MP: 6/8
  2425 | D:3      | Found a snail-covered altar of Cheibriados.
  2428 | D:3      | Found a white marble altar of Elyvilon.
  2747 | D:3      | Noticed Natasha
  2754 | D:3      | Killed Natasha
  2755 | D:3      | Reached skill level 6 in Axes
  2877 | D:3      | Noticed Natasha
  2882 | D:3      | Killed Natasha
  2992 | D:4      | Noticed Robin
  3003 | D:4      | Slain by Robin

Illustrated notes

Levels and vault maps discovered:
D:1:      amcnicky_arrival_gap_in_the_tavern_cellar, layout_basic,
          chequers_serial_rivers_micro_a
D:2:      layout_loops_cross, hangedman_decor_growths, grunt_ministairs_5,
          minmay_pentomino_u4
D:3:      layout_loops_ring, nicolae_overflow_hidden_temple,
          nicolae_figureground_pulse, uniq_natasha, uniq_jessica
D:4:      layout_cave_pools, makhleb_blood_cavern_becter, grunt_ministairs_4,
          nicolae_hexahallways, serial_bayou_pond_a, nicolae_shop_self_help,
          uniq_robin

Skill      XL: |  1  2  3  4  5 |
---------------+----------------+-----
Axes           | 4 5 6 |  6.2
Fighting       | |  2.6
Dodging        | |  1.7
Spellcasting   | |  2.4
Conjurations   | |  2.6

Action                     |  1- 3 |  4- 6 || total
---------------------------+-------+-------++-------
  Melee: Hand axe          |   134 |    74 ||   208
         Punch             |     1 |     1 ||     2
   Cast: Kiss of Death     |     2 |     8 ||    10
    Use: Potion            |     2 |     1 ||     3
         Scroll            |       |     8 ||     8
   Stab: Sleeping          |     1 |     3 ||     4
 Armour: Robe              |    41 |    18 ||    59
         Skin              |       |    46 ||    46
  Dodge: Dodged            |    61 |    30 ||    91

Table legend: (Time is in decaauts)
 A = Elapsed time spent in this place.
 B = Non-inter-level travel time spent in this place.
 C = Inter-level travel time spent in this place.
 D = Time resting spent in this place.
 E = Time spent auto-exploring this place.
 F = Levels seen in this place.
 G = Mean time per level.
                   A        B        C        D        E       F      G
               +--------+--------+--------+--------+--------+-----+--------+
         Total |   3032 |   2716 |    316 |      0 |   2163 |   4 |  758.0 |
       Dungeon |   3032 |   2716 |    316 |      0 |   2163 |   4 |  758.0 |
               +--------+--------+--------+--------+--------+-----+--------+

Top non-repeatable levels by time:
     D:1: 1089 daAuts
     D:2: 1058 daAuts
     D:3: 834 daAuts
     D:4: 50 daAuts
